 Dungeon Crawl Stone Soup version 0.31-a0-986-g5e6e4ef867 (webtiles) character file.

Game seed: 14285195112921155081

30 monsoonserge the Magician (level 3, 22/28 HPs)
             Began as a Gnoll Wanderer on Nov 23, 2023.
             Quit the game on level 1 of the Dungeon.
             The game lasted 00:02:22 (387 turns).

monsoonserge the Magician (Gnoll Wanderer)           Turns: 387, Time: 00:02:23

Health: 22/28      AC:  3    Str:  8    XL:     3   Next: 18%
Magic:  11/11      EV: 14    Int: 11    God:
Gold:   56         SH:  0    Dex: 16    Spells: 16/16 levels left

rFire   . . .        a - +2 dagger
rCold   . . .        (no shield)
rNeg    . . .        e - +0 robe
rPois   .            (no helmet)
rElec   .            (no cloak)
rCorr   .            c - +0 pair of gloves
SInv    .            (no boots)
Will    .....        (no amulet)
Stlth   ++           (no ring)
HPRegen 0.24/turn    (no ring)
MPRegen 0.12/turn

%: no passive effects
@: no status effects
A: fangs 1, strong nose, distributed training
a: no special abilities


You were on level 1 of the Dungeon.
You visited 1 branch of the dungeon, and saw 1 of its levels.

You collected 56 gold pieces.

Inventory:

Hand Weapons
 a - a +2 dagger (weapon)
 f - a +0 sling
Missiles
 b - 2 curare-tipped darts (quivered)
Armour
 c - a +0 pair of gloves (worn)
 e - a +0 robe (worn)
Scrolls
 d - a scroll of teleportation
 g - a scroll of identify {unknown}
 h - a scroll of fog {unknown}


   Skills:
 + Level 2.6 Fighting
 + Level 0.7 Short Blades
 + Level 0.7 Long Blades
 + Level 0.7 Axes
 + Level 0.7 Maces & Flails
 + Level 0.7 Polearms
 + Level 0.7 Staves
 + Level 0.7 Ranged Weapons
 + Level 6.5 Throwing
 + Level 2.6 Armour
 + Level 4.5 Dodging
 + Level 0.7 Stealth
 + Level 0.7 Shields
 + Level 0.7 Unarmed Combat
 + Level 7.1 Spellcasting
 + Level 0.5 Conjurations
 + Level 0.5 Hexes
 + Level 0.5 Summonings
 + Level 0.5 Necromancy
 + Level 0.5 Translocations
 + Level 0.5 Transmutations
 + Level 0.5 Fire Magic
 + Level 0.5 Ice Magic
 + Level 0.5 Air Magic
 + Level 0.5 Earth Magic
 + Level 0.5 Poison Magic
 + Level 0.9 Invocations
 + Level 0.7 Evocations
 + Level 0.6 Shapeshifting


You had 16 spell levels left.
You didn't know any spells.
Your spell library contained the following spells:

 Spells                   Type           Power      Damage    Failure   Level
 Magic Dart               Conj           20%        1d4       14%         1
 Passwall                 Tmut/Erth      4%         N/A       22%         2
 Searing Ray              Conj           10%        2d4       22%         2
 Wereblood                Tmut           5%         N/A       22%         2
 Fulminant Prism          Conj/Hex       2%         3d5       80%         4


Dungeon Overview and Level Annotations

Branches:
Dungeon (1/15)

Altars:

Shops:
D:1 !


Innate Abilities, Weirdness & Mutations

You have very sharp teeth.
Your uncanny sense of smell can sniff out nearby items.
Your experience applies equally to all skills.


Message History

The quokka barely misses you.
Things that are here:
a +0 club; a kobold corpse You hit the quokka.
The quokka is severely wounded.
The quokka bites you but does no damage.
You hit the quokka.
You kill the quokka!
The endoplasm freezes you.
You are frozen.
You hit the goblin.
The goblin is moderately wounded.
The goblin barely misses you. The endoplasm hits you.
You hit the goblin.
You kill the goblin!
The endoplasm freezes you.
You are frozen.
You hit the endoplasm.
The endoplasm is lightly wounded.
The endoplasm hits you but does no damage.
You hit the endoplasm.
The endoplasm is heavily wounded.
The endoplasm completely misses you.
You hit the endoplasm but do no damage.
The endoplasm is heavily wounded.
The endoplasm hits you but does no damage.
You hit the endoplasm.
The endoplasm is severely wounded.
The endoplasm freezes you.
You are frozen.
You hit the endoplasm.
You kill the endoplasm!
Found 16 gold pieces.
Found 10 gold pieces.
You pick up a book of Conjurations and begin reading...
You add the spells Magic Dart, Searing Ray and Fulminant Prism to your library.
You now have enough gold to buy a potion of berserk rage on this level, or buy a potion of heal wounds on this level.
You can access your shopping list by pressing '$'.
You now have 56 gold pieces (gained 16).
Are you sure you want to abandon this character and quit the game? (Confirm with "yes".)

# ############## #
##.....##.....###
##..............##
#@...............#
#$...............#
#...........)....#
#...........)...>#
#.................
#................#
.................##
.........#......##
..................


There were no monsters in sight!

Vanquished Creatures
  4 ball pythons (D:1)
  4 endoplasms (D:1)
  A giant cockroach (D:1)
  2 goblins (D:1)
  3 kobolds (D:1)
  4 quokkas (D:1)
  3 bats (D:1)
  A frilled lizard (D:1)
  5 rats (D:1)
27 creatures vanquished.

Notes
Turn   | Place    | Note
-------+----------+-------------------------------------------
     0 | D:1      | monsoonserge the Gnoll Wanderer began the quest for the
                  | Orb.
     0 | D:1      | monsoonserge set off with the following items: a +2 dagger,
                  | 2 curare-tipped darts, a +0 pair of gloves, a scroll of
                  | teleportation, a +0 robe; and the following spells
                  | available to memorise: Passwall, Wereblood.
     0 | D:1      | Reached XP level 1. HP: 17/17 MP: 8/8
    64 | D:1      | Found Pirasirch's Distillery.
   109 | D:1      | Reached XP level 2. HP: 19/23 MP: 10/10
   339 | D:1      | Reached XP level 3. HP: 26/28 MP: 11/11
   387 | D:1      | Quit the game

Illustrated notes

Levels and vault maps discovered:
D:1:      dpeg_arrival_rooms_a, layout_rooms, serial_shops,
          nicolae_shop_window_shopping, minmay_quantized

Action                     || total
---------------------------++-------
  Melee: Dagger            ||    81
         Bite              ||     4
 Armour: Robe              ||    22
  Dodge: Dodged            ||    70

Table legend: (Time is in decaauts)
 A = Elapsed time spent in this place.
 B = Non-inter-level travel time spent in this place.
 C = Inter-level travel time spent in this place.
 D = Time resting spent in this place.
 E = Time spent auto-exploring this place.
 F = Levels seen in this place.
 G = Mean time per level.
                   A        B        C        D        E       F      G
               +--------+--------+--------+--------+--------+-----+--------+
         Total |    384 |    384 |      0 |     41 |    121 |   1 |  384.0 |
       Dungeon |    384 |    384 |      0 |     41 |    121 |   1 |  384.0 |
               +--------+--------+--------+--------+--------+-----+--------+

Top non-repeatable levels by time:
     D:1: 384 daAuts
